 Dungeon Crawl Stone Soup version 0.28-a0-265-g048bc9fd10 (webtiles) character file.

Game seed: 8797218786268117330

27 SeanNever the Covered (level 3, -3/29 HPs)
             Began as a Human Fighter on Aug 27, 2021.
             Was an Initiate of Gozag.
             Frozen to death by an endoplasm (4 damage)
             ... on level 2 of the Dungeon.
             The game lasted 00:02:36 (391 turns).

SeanNever the Covered (Human Fighter)                Turns: 391, Time: 00:02:36

Health: -3/29      AC:  7    Str: 17    XL:     3   Next: 25%
Magic:  3/3        EV:  7    Int:  8    God:    Gozag
Gold:   132        SH:  8    Dex: 12    Spells: 2/2 levels left

rFire   . . .      SeeInvis .   a - +0 rapier
rCold   . . .      Faith    .   c - +0 kite shield
rNeg    . . .      Spirit   .   b - +0 scale mail
rPois   .          Reflect  .   e - +1 hat
rElec   .          Harm     .   (no cloak)
rCorr   .          Rampage  .   (no gloves)
Will    .....                   (no boots)
Stlth   ..........              (no amulet)
HPRegen 0.09/turn               (no ring)
MPRegen 0.08/turn               (no ring)

@: no status effects
A: no striking features
a: Renounce Religion, Potion Petition, Call Merchant, Bribe Branch


You were on level 2 of the Dungeon.
You worshipped Gozag.
Gozag was aware of your devotion.
You visited 1 branch of the dungeon, and saw 2 of its levels.

You collected 132 gold pieces.

Inventory:

Hand Weapons
 a - a +0 rapier (weapon)
Armour
 b - a +0 scale mail (worn)
 c - a +0 kite shield (worn)
 e - a +1 hat (worn)
Potions
 d - a potion of might


   Skills:
 + Level 3.3 Fighting
 + Level 2.2 Short Blades
 + Level 3.3 Armour
 + Level 0.2 Dodging
 + Level 0.3 Stealth
 + Level 3.2 Shields


You had 2 spell levels left.
You didn't know any spells.
Your spell library was empty.

Dungeon Overview and Level Annotations

Branches:
Dungeon (2/15)

Altars:
Gozag


Message History

There is an escape hatch in the ceiling here.
A goblin comes into view. It is wielding a +0 club.
The goblin hits you but does no damage.
You completely miss the goblin. The goblin barely misses you.
You miss the goblin.
An endoplasm comes into view.
The goblin barely misses you. The goblin hits you but does no damage.
The endoplasm quivers.
You puncture the goblin!
You kill the goblin!
A worm comes into view.
Things that are here:
15 gold pieces; a +0 club
Found a dagger.
A ball python comes into view.
The ball python hisses angrily.
You hit the worm.
The worm is moderately wounded.
The worm barely misses you.
You hit the worm.
The worm is moderately wounded.
The endoplasm hits you.
You hit the worm.
The worm is heavily wounded.
The worm bites you. The endoplasm freezes you.
You are frozen.
* * * LOW HITPOINT WARNING * * *
The endoplasm jiggles.
The ball python barely misses you. You block the ball python's attack.
The ball python closely misses you. The ball python grabs you.
The ball python constricts you. The endoplasm freezes you.
You are frozen.
* * * LOW HITPOINT WARNING * * *
You escape the ball python's grasp.
The endoplasm freezes you.
You are frozen.
You die...
Your body crumbles into a pile of gold.

#...........<.........#
...#..#..######.#######..#
................# #..#
.....##J######### #..# ...
#.# #..# . #.##$#########
#..# #............# #..#
#.#......wJS.# .... #
#........@.# #..........#
#.........)# #...........#
#...........#
#.#.........# .........#
##########


You could see a worm, an endoplasm and a ball python.

Vanquished Creatures
  An adder (D:2)
  An endoplasm (D:1)
  A giant cockroach (D:1)
  2 goblins
  2 hobgoblins
  A quokka (D:1)
  2 ball pythons
  A bat (D:1)
  A frilled lizard (D:1)
  5 kobolds
  A rat (D:1)
18 creatures vanquished.

Notes
Turn   | Place    | Note
-------+----------+-------------------------------------------
     0 | D:1      | SeanNever the Human Fighter began the quest for the Orb.
     0 | D:1      | Reached XP level 1. HP: 18/18 MP: 1/1
    50 | D:1      | Found a faded altar of an unknown god.
    58 | D:1      | Became a worshipper of Gozag Ym Sagoz the Greedy
   194 | D:1      | Reached XP level 2. HP: 6/24 MP: 2/2
   327 | D:2      | Reached XP level 3. HP: 15/29 MP: 3/3
   390 | D:2      | HP: 1/29 [frozen (5)]
   391 | D:2      | Frozen to death by an endoplasm

Illustrated notes

Levels and vault maps discovered:
D:1:      dpeg_arrival_line_fractal, layout_loops_ring, basic_ecumenical_altar,
          grunt_decor_resistance
D:2:      layout_rooms, chequers_hall_statues_y

Action                   || total
-------------------------++-------
Melee: Rapier            ||    62
 Stab: Distracted        ||     1
Armor: Scale mail        ||    27
Dodge: Dodged            ||    23
Block: Kite shield       ||    38

Table legend: (Time is in decaauts)
 A = Elapsed time spent in this place.
 B = Non-inter-level travel time spent in this place.
 C = Inter-level travel time spent in this place.
 D = Time resting spent in this place.
 E = Time spent auto-exploring this place.
 F = Levels seen in this place.
 G = Mean time per level.
                   A        B        C        D        E       F      G
               +--------+--------+--------+--------+--------+-----+--------+
         Total |    411 |    385 |     26 |      0 |      0 |   2 |  205.5 |
       Dungeon |    411 |    385 |     26 |      0 |      0 |   2 |  205.5 |
               +--------+--------+--------+--------+--------+-----+--------+

Top non-repeatable levels by time:
     D:1: 328 daAuts
     D:2: 83 daAuts
